 Dungeon Crawl Stone Soup version 0.17.0-28-g6e173f8 (webtiles) character file.

27684 karlm the Markscentaur (level 13, -10/119 HPs)
             Began as a Centaur Hunter on Nov 30, 2015.
             Was a High Priest of Okawaru.
             Mangled by an elephant (17 damage)
             ... on level 4 of the Lair of Beasts.
             The game lasted 01:29:23 (23642 turns).

karlm the Markscentaur (Centaur Hunter)            Turns: 23642, Time: 01:29:23

Health: -10/119    AC: 13    Str: 18    XL:     13   Next: 5%
Magic:  13/13      EV:  9    Int: 10    God:    Okawaru [*****.]
Gold:   583        SH:  0    Dex: 16    Spells: 0 memorised, 12 levels left

rFire  + . .     SeeInvis .     b - +0 spear (venom)
rCold  + . .     Clarity  +     i - +1 leather armour of an ossuary {rCorr Str+4} (curse)
rNeg   . . .     SustAt   .     (no shield)
rPois  +         Gourm    .     (no helmet)
rElec  .         Spirit   .     D - +1 cloak
rCorr  +         Warding  .     P - +1 pair of gloves
rMut   .         Stasis   .     T - +0 centaur barding {rC+} {god gift}
MR     .....                    J - amulet of the Castellan {Clar rPois}
Stlth  +.........               N - ring of poison resistance
                                r - ring of protection from fire

@: very quick, not resistant to hostile enchantments, very unstealthy
A: hooves 3, deformed body, speed 2, tough skin 3
a: Heroism, Finesse, Renounce Religion


You were on level 4 of the Lair of Beasts.
You worshipped Okawaru.
Okawaru was extremely pleased with you.
You were very hungry.

You visited 3 branches of the dungeon, and saw 15 of its levels.

You collected 751 gold pieces.
You spent 168 gold pieces at shops.

Inventory:

Hand Weapons
 a - a +1 shortbow of flaming
 b - a +0 spear of venom (weapon)
Missiles
 d - 38 arrows
 x - 19 arrows of frost
 E - 15 arrows of dispersal
 I - a throwing net (quivered)
 K - 57 poisoned arrows
 S - 20 arrows of flame
Armour
 i - the cursed +1 leather armour of an ossuary (worn) {rCorr Str+4}
   (You found it on level 8 of the Dungeon)

   It affects your strength (+4).
   It protects you from acid and corrosion.
   It has a curse placed upon it.
 D - a +1 cloak (worn)
 P - a +1 pair of gloves (worn)
 T - a +0 centaur barding of cold resistance (worn) {god gift}
Jewellery
 c - an uncursed ring of ice
 r - a ring of protection from fire (left hand)
 s - an uncursed ring of ice
 u - an uncursed ring of protection from magic
 v - an uncursed ring of magical power {unknown}
 J - the amulet of the Castellan (around neck) {Clar rPois}
   (You found it on level 6 of the Dungeon)

   [amulet of clarity]

   It provides mental clarity.
   It protects you from poison.
 N - a ring of poison resistance (right hand)
Wands
 n - a wand of disintegration (12)
 y - a wand of teleportation (3)
 F - a wand of draining (5)
 G - a wand of slowing (31)
 H - a wand of hasting (1)
Scrolls
 m - 4 scrolls of fear
 p - 2 scrolls of teleportation
 q - 2 scrolls of remove curse
 w - a scroll of magic mapping
 B - a scroll of silence {unknown}
 O - a scroll of identify
 Q - a scroll of fog
 X - 2 scrolls of enchant armour
Potions
 g - 3 potions of might
 k - 5 potions of curing
 l - a potion of mutation {unknown}
 o - 3 potions of cancellation {unknown}
 z - 3 potions of lignification
 A - 3 potions of poison {unknown}
 L - a potion of brilliance {unknown}
 M - 3 potions of degeneration {unknown}
 V - a potion of magic {unknown}
Books
 f - a book of Fire

   Spells                             Type                      Level
   a - Ignite Poison                  Fire/Transmutation/Poison    3
   b - Fireball                       Conjuration/Fire             5
   c - Bolt of Fire                   Conjuration/Fire             6
   d - Delayed Fireball               Conjuration/Fire             7
   e - Ring of Flames                 Charms/Fire                  7
 h - a book of Alchemy

   Spells                             Type                      Level
   a - Sublimation of Blood           Necromancy                   2
   b - Ignite Poison                  Fire/Transmutation/Poison    3
   c - Alistair's Intoxication        Transmutation/Poison         4
   d - Condensation Shield            Ice                          4
   e - Petrify                        Transmutation/Earth          4
   f - Irradiate                      Conjuration/Transmutation    5
 Y - a book of Summonings

   Spells                             Type                      Level
   a - Recall                         Summoning/Translocation      3
   b - Aura of Abjuration             Summoning                    5
   c - Shadow Creatures               Summoning                    5
   d - Summon Demon                   Summoning                    5
   e - Summon Forest                  Summoning/Translocation      5
   f - Summon Mana Viper              Hexes/Summoning              5
Miscellaneous
 t - a phial of floods
Comestibles
 e - 10 bread rations
 C - 6 fruits
 R - 2 beef jerkies


   Skills:
 + Level 12.8 Fighting
 + Level 10.7 Polearms
 + Level 16.5 Bows
 + Level 4.1 Dodging
 - Level 0.5 Stealth


You had 12 spell levels left.
You didn't know any spells.

Dungeon Overview and Level Annotations

Branches:
Dungeon (10/15)            Temple (1/1) D:7            Lair (4/8) D:8
    Orc (0/4) D:10
  Swamp: Lair:3-6    Shoals: Lair:3-6     Snake: Lair:3-6    Spider: Lair:3-6

Altars:
Ashenzari
Cheibriados
Dithmenos
Elyvilon
Fedhas
Gozag
Kikubaaqudgha
Makhleb
Nemelex Xobeh
Okawaru
Qazlal
Ru
Sif Muna
Trog
Vehumet
Xom
Yredelemnul
Zin
The Shining One

Shops:
D:5 }   D:7 :   D:8 *   D:10 (

Annotations:
D:10 Josephine


Innate Abilities, Weirdness & Mutations

You have hooves in place of feet.
Armour fits poorly on your strangely shaped body.
You cover ground very quickly.
You have extremely tough skin (AC +3).


Message History

You kick the elephant, but do no damage.
The elephant is heavily wounded.
The elephant tramples you!
* * * LOW HITPOINT WARNING * * *
You hold your ground!
The elephant trunk-slaps you but does no damage.
You hit the elephant.
You kick the elephant, but do no damage.
The elephant is heavily wounded.
You hit the elephant but do no damage.
You kick the elephant, but do no damage.
The elephant is severely wounded.
The elephant tramples you!
* * * LOW HITPOINT WARNING * * *
You hold your ground!
The elephant trunk-slaps you but does no damage.
You completely miss the elephant. Your kick misses the elephant.
The elephant is severely wounded.
The elephant tramples you!
You die...

#≈..## #§#
#≈≈.## #≈≈#
##≈.Y##≈≈##
#≈≈Y≈≈≈≈#
##≈..§≈##
#≈≈§§≈#
##§.≈##
###≈.≈###
#@Y.≈..<#
###≈≈≈###
##8## ###


You could see an elephant.

Vanquished Creatures
  Snorg (D:9)
  Fannar (Lair:1)
  A hydra (Lair:1)
  A queen ant (Lair:1)
  Sonja (Lair:3)
  8 elephants (Lair:4)
  4 black mambas
  Joseph (D:7)
  6 spiny frogs
  2 molten gargoyles (Lair:4)
  3 komodo dragons
  A fire drake (Lair:3)
  2 two-headed ogres
  9 blink frogs
  3 hippogriffs
  A wyvern (D:9)
  29 yaks
  A basilisk (Lair:3)
  A deep elf fighter (D:8)
  Menkaure (D:7)
  Edmund (D:5)
  7 soldier ants (Lair:1)
  8 water moccasins
  An orc warrior (D:8)
  6 wolves (Lair:2)
  8 porcupines
  2 ice beasts
  6 ogres
  6 sky beasts
  2 black bears
  4 necrophages
  2 centaurs
  10 crocodiles
  Blork the orc (D:4)
  12 giant frogs
  A wyvern zombie (D:8)
  4 scorpions
  3 electric eels (D:7)
  6 crimson imps
  9 hounds
  5 lava snakes (Lair:4)
  A giant frog zombie (D:9)
  2 giant frog skeletons
  2 orc wizards (D:8)
  Crazy Yiuf (D:4)
  2 jellies
  2 centaur skeletons
  4 iguanas
  5 hell rats (Lair:2)
  32 worker ants
  A hound skeleton (D:9)
  11 gnolls
  11 adders
  10 river rats
  An adder skeleton (D:9)
  A worm (D:2)
  2 giant geckos
  23 orcs
  16 bats
  7 giant cockroaches
  2 gnoll zombies (D:4)
  10 hobgoblins
  19 jackals
  13 kobolds
  3 quokkas
  A ball python (D:1)
  A giant gecko skeleton (D:5)
  4 giant newts
  5 goblins
  A jackal zombie (D:5)
  11 rats
  A fungus (D:4)
386 creatures vanquished.

Vanquished Creatures (others)
  An orc warrior (D:8)
  4 orcs (D:8)
  10 fungi
  16 plants (Lair:4)
31 creatures vanquished.

Grand Total: 417 creatures vanquished

Notes
Turn   | Place    | Note
--------------------------------------------------------------
     0 | D:1      | karlm the Centaur Hunter began the quest for the Orb.
     0 | D:1      | Reached XP level 1. HP: 17/17 MP: 1/1
   480 | D:1      | Reached XP level 2. HP: 15/25 MP: 2/2
  1002 | D:1      | Reached skill level 6 in Bows
  1048 | D:1      | Reached XP level 3. HP: 30/30 MP: 3/3
  1692 | D:2      | Reached XP level 4. HP: 35/38 MP: 4/4
  3008 | D:3      | Reached skill level 7 in Bows
  3165 | D:3      | Found an iron altar of Okawaru.
  3173 | D:3      | Became a worshipper of Warmaster Okawaru
  3484 | D:3      | Reached XP level 5. HP: 46/46 MP: 5/5
  3899 | D:4      | Found a radiant altar of Vehumet.
  3973 | D:4      | Noticed Blork the orc
  4333 | D:4      | Killed Blork the orc
  4333 | D:4      | Reached XP level 6. HP: 38/53 MP: 6/6
  4486 | D:4      | Reached skill level 8 in Bows
  4561 | D:4      | You fall through a shaft!
  4561 | D:5      | Entered Level 5 of the Dungeon
  4851 | D:5      | Reached skill level 5 in Fighting
  4967 | D:5      | Found Ziof's Quality Used Wands.
  4990 | D:5      | Reached * piety under Okawaru
  5041 | D:5      | Bought a wand of teleportation (0) for 168 gold pieces
  5528 | D:4      | Found a basalt altar of Yredelemnul.
  5606 | D:4      | Noticed Crazy Yiuf
  5626 | D:4      | Killed Crazy Yiuf
  5831 | D:4      | Reached XP level 7. HP: 52/61 MP: 7/7
  5955 | D:6      | Noticed a two-headed ogre
  5976 | D:5      | Killed a two-headed ogre
  5976 | D:5      | Reached skill level 9 in Bows
  6016 | D:6      | Found a shadowy altar of Dithmenos.
  6092 | D:6      | Reached skill level 1 in Polearms
  6324 | D:6      | Reached ** piety under Okawaru
  6340 | D:6      | Reached skill level 10 in Bows
  6340 | D:6      | Reached XP level 8. HP: 66/71 MP: 8/8
  6347 | D:6      | Got a translucent pewter amulet
  6349 | D:6      | Identified the amulet of the Castellan {Clar rPois} (You found it on level 6 of the Dungeon)
  6562 | D:6      | Noticed Edmund
  6655 | D:5      | Killed Edmund
  6809 | D:6      | Found a glowing silver altar of Zin.
  6809 | D:6      | Found a sparkling altar of Nemelex Xobeh.
  6809 | D:6      | Found a blossoming altar of Fedhas.
  6811 | D:6      | Found an ancient bone altar of Kikubaaqudgha.
  6812 | D:6      | Found a deep blue altar of Sif Muna.
  6967 | D:7      | Found Keso's Book Emporium.
  7018 | D:7      | Noticed Menkaure
  7256 | D:7      | Killed Menkaure
  7637 | D:7      | Found a staircase to the Ecumenical Temple.
  7779 | D:7      | Found a white marble altar of Elyvilon.
  7863 | D:7      | Reached skill level 11 in Bows
  7869 | D:7      | Found a burning altar of Makhleb.
  8143 | Temple   | Entered the Ecumenical Temple
  8512 | D:7      | Reached XP level 9. HP: 72/81 MP: 9/9
  8596 | D:7      | Reached *** piety under Okawaru
  8829 | D:8      | Got a garnet-encrusted leather armour
  8840 | D:8      | Identified the cursed +1 leather armour of an ossuary {rCorr Str+4} (You found it on level 8 of the Dungeon)
  8940 | D:8      | Noticed Joseph
  9765 | D:7      | Killed Joseph
  9765 | D:7      | Reached skill level 5 in Polearms
  9976 | D:8      | Found Ligh's General Store.
 10079 | D:8      | Received a gift from Okawaru
 10079 | D:8      | Reached skill level 12 in Bows
 10486 | D:8      | Found a staircase to the Lair.
 10662 | D:8      | Found a stormy altar of Qazlal.
 10966 | D:9      | Reached **** piety under Okawaru
 11078 | D:9      | Received a gift from Okawaru
 11241 | D:9      | Received a gift from Okawaru
 11241 | D:9      | Reached XP level 10. HP: 81/91 MP: 10/10
 11262 | D:9      | Found a burning altar of Makhleb.
 11755 | D:9      | Found a sacrificial altar of Ru.
 12286 | D:9      | Reached skill level 13 in Bows
 12447 | D:10     | Entered Level 10 of the Dungeon
 12495 | D:10     | Noticed Snorg
 12496 | D:10     | Noticed Josephine
 12586 | D:9      | Killed Snorg
 12586 | D:9      | Received a gift from Okawaru
 12586 | D:9      | Received a gift from Okawaru
 12586 | D:9      | Reached skill level 10 in Fighting
 12617 | D:9      | Received a gift from Okawaru
 12673 | D:10     | Found Jypieh's Weapon Shop.
 12673 | D:10     | Found a staircase to the Orcish Mines.
 12928 | Lair:1   | Entered Level 1 of the Lair of Beasts
 13208 | Lair:1   | Noticed Fannar
 13558 | D:8      | HP: 6/139 [yak (9)]
 13560 | D:8      | Received a gift from Okawaru
 14034 | Lair:1   | Killed Fannar
 14034 | Lair:1   | Reached skill level 14 in Bows
 14034 | Lair:1   | Reached XP level 11. HP: 67/101 MP: 11/11
 14325 | Lair:1   | Noticed an eight-headed hydra
 14379 | Lair:1   | Killed an eight-headed hydra
 14610 | Lair:1   | Reached ***** piety under Okawaru
 15026 | Lair:1   | Noticed a black mamba
 15061 | Lair:1   | Killed a black mamba
 15896 | Lair:1   | Reached skill level 15 in Bows
 16685 | Lair:1   | HP: 1/104 [wolf (7)]
 16695 | Lair:1   | Noticed a queen ant
 17341 | Lair:1   | Killed a queen ant
 17341 | Lair:1   | Reached ****** piety under Okawaru
 17452 | Lair:1   | Received a gift from Okawaru
 17452 | Lair:1   | Reached XP level 12. HP: 36/112 MP: 12/12
 18456 | Lair:2   | Received a gift from Okawaru
 18955 | Lair:3   | Found a blossoming altar of Fedhas.
 19519 | Lair:3   | Reached skill level 10 in Polearms
 20229 | Lair:3   | Noticed Sonja
 20368 | Lair:3   | Killed Sonja
 20386 | Lair:3   | Reached skill level 16 in Bows
 22921 | Lair:4   | Received a gift from Okawaru
 22950 | Lair:4   | HP: 3/113 [blink frog (15)]
 23394 | Lair:4   | Reached XP level 13. HP: 42/119 MP: 13/13
 23628 | Lair:4   | Received a gift from Okawaru
 23642 | Lair:4   | Mangled by an elephant

Action                   |  1- 3 |  4- 6 |  7- 9 | 10-12 | 13-15 || total
-------------------------+-------+-------+-------+-------+-------++-------
Melee: Unarmed           |    96 |       |       |       |       ||    96
       Spear             |    17 |   197 |   547 |  1344 |    57 ||  2162
 Fire: Shortbow          |    64 |    47 |    17 |   193 |       ||   321
Invok: Heroism           |       |       |     1 |     3 |       ||     4
  Use: Scroll            |       |     7 |     5 |     6 |       ||    18
       Potion            |       |     1 |     1 |     5 |       ||     7
  Eat: Chunk             |     2 |    10 |     7 |    23 |       ||    42
       Meat ration       |       |       |     1 |     1 |       ||     2
       Bread ration      |       |       |     1 |     1 |       ||     2
       Royal jelly       |       |       |       |     1 |       ||     1
